 Dungeon Crawl Stone Soup version 0.21.0 (webtiles) character file.

653 Clarigatio the Sneak (level 7, -1/52 HPs)
             Began as a Demonspawn Assassin on Apr 2, 2018.
             Succumbed to Think's ghost's poison
             ... on level 4 of the Dungeon.
             The game lasted 00:42:12 (2460 turns).

Clarigatio the Sneak (Demonspawn Assassin)          Turns: 2460, Time: 00:42:12

Health: -1/52      AC: 16    Str: 12 (14) XL:     7   Next: 29%
Magic:  7/7        EV:  6    Int: 13      God:
Gold:   157        SH:  0    Dex: 16 (17) Spells: 6/6 levels left

rFire    . . .     SeeInvis .   a - +3 dagger
rCold    + . .     Gourm    .   (no shield)
rNeg     . . .     Faith    .   B - +1 chain mail
rPois    .         Spirit   .   (no helmet)
rElec    .         Reflect  .   d - +0 cloak
rCorr    .         Harm     .   C - +2 pair of gloves
MR       .....                  (no boots)
Stlth    ..........             (no amulet)
HPRegen  0.17/turn              (no ring)
MPRegen  0.10/turn              (no ring)

@: lethally poisoned (-1 -> -39)
A: hooves 1, slimy green scales 1, agile 1, cold resistance 1, demonic guardian
1, inhibited regeneration, strong 1
a: no special abilities


You were on level 4 of the Dungeon.
You were hungry.

You visited 1 branch of the dungeon, and saw 4 of its levels.

You collected 157 gold pieces.

Inventory:

Hand Weapons
 a - a +3 dagger (weapon)
 b - a +0 blowgun
 m - a +0 shortbow
 s - a +0 hunting sling
 F - a +0 scythe
 G - a +2 hand axe of electrocution
Missiles
 e - 4 poisoned needles
 f - 2 curare-tipped needles
 k - 81 stones
 l - 27 bolts
 t - 77 arrows
 u - 50 sling bullets
 x - a throwing net
 D - 2 tomahawks (quivered)
Armour
 c - a +0 robe
 d - a +0 cloak (worn)
 i - a +0 ring mail
 B - a +1 chain mail (worn)
 C - a +2 pair of gloves (worn)
Jewellery
 h - a +5 ring of intelligence
Scrolls
 j - a scroll of identify
 o - 2 scrolls of immolation
 r - a scroll of teleportation
 v - 3 scrolls of remove curse
 y - a scroll of enchant armour
 A - a scroll of blinking
Potions
 q - a potion of cancellation
Comestibles
 g - 8 rations


   Skills:
 + Level 3.5 Fighting
 + Level 3.3 Short Blades
 + Level 3.1 Bows
 + Level 3.3 Throwing
 + Level 2.2 Armour
 + Level 1.6 Dodging
 + Level 4.7 Stealth


You had 6 spell levels left.
You didn't know any spells.

Dungeon Overview and Level Annotations

Branches:
Dungeon (4/15)
 Temple: D:4-7

Altars:
Nemelex Xobeh


Innate Abilities, Weirdness & Mutations

You have large cloven feet.
You are partially covered in slimy green scales. (AC +2)
A weak demonic guardian rushes to your aid.
You are agile. (Dex +2)
Your flesh is cold resistant. (rC+)
You do not regenerate when monsters are visible.
Your muscles are strong. (Str +2)


Message History

As you read the scroll labeled KEBYAH MOSUSO, it crumbles to dust.
It was a scroll of blinking.
* * * LOW HITPOINT WARNING * * *
You feel very sick.
As you read the scroll labeled OCAEDY HU YMUS, it crumbles to dust.
It is a scroll of enchant weapon.
Your +2 dagger glows red for a moment.
* * * LOW HITPOINT WARNING * * *
You feel very sick.
As you read the scroll labeled JOPSUFREG SERHAU, it crumbles to dust.
It is a scroll of amnesia.
You feel forgetful for a moment.
* * * LOW HITPOINT WARNING * * *
You feel very sick.
Okay, then.
Okay, then.
Eat a chunk of flesh? (ye/n/q)
You eat the chunk of flesh.
This raw flesh tastes terrible.
You are feeling hungry.
You die...

# #. #. ### #... #. #.. #...#
#..#.# # #..(# ####..#.##.# #
#.... ......... ###..
#####...#####.###.### .....#
........[.......5...####..!..#
................@............#
..................#.##.#..<..
####...#####.#.....##.# ...
#........[##..#.##.# .
#...#####.##..#(##?# #...#
#.....(....# # #...#
####.####### # #...#
##...........
#...####.....#......


You could see a friendly ufetubus.

Vanquished Creatures
  Menkaure (D:4)
  A phantom (D:4)
  A centaur (D:2)
  An orc wizard (D:3)
  3 adders
  2 worms
  A dart slug (D:1)
  A leopard gecko (D:3)
  5 orcs
  A ball python (D:3)
  4 bats
  A giant cockroach (D:2)
  9 goblins
  9 hobgoblins
  5 quokkas
  A frilled lizard (D:3)
  6 kobolds
  7 rats
59 creatures vanquished.

Vanquished Creatures (collateral kills)
  The ghost of Think the Charmwright, an amateur GnSk (D:4)
  Sigmund (D:4)
  2 orc priests (D:3)
  An adder (D:3)
  A dart slug (D:4)
  An orc (D:3)
  A rat (D:3)
8 creatures vanquished.

Grand Total: 67 creatures vanquished

Notes
Turn   | Place    | Note
-------+----------+-------------------------------------------
     0 | D:1      | Clarigatio the Demonspawn Assassin began the quest for the Orb.
     0 | D:1      | Reached XP level 1. HP: 16/16 MP: 1/1
   279 | D:1      | Reached skill level 4 in Stealth
   407 | D:1      | Gained mutation: You have large cloven feet. [demonic ancestry]
   407 | D:1      | Reached XP level 2. HP: 22/22 MP: 2/2
   708 | D:2      | Gained mutation: You are partially covered in slimy green scales. (AC +2) [demonic ancestry]
   708 | D:2      | Reached XP level 3. HP: 22/28 MP: 3/3
   731 | D:2      | Noticed a centaur
   761 | D:2      | Killed a centaur
   761 | D:2      | Reached skill level 1 in Dodging
   761 | D:2      | Gained mutation: A weak demonic guardian rushes to your aid. [demonic ancestry]
   761 | D:2      | Reached XP level 4. HP: 4/34 MP: 4/4
   954 | D:2      | Found a sparkling altar of Nemelex Xobeh.
  1399 | D:3      | Reached XP level 5. HP: 36/39 MP: 5/5
  1429 | D:3      | Reached skill level 1 in Armour
  1610 | D:3      | Found a faded altar of an unknown god.
  1616 | D:3      | Reached skill level 1 in Bows
  2110 | D:4      | Noticed a phantom
  2142 | D:4      | Killed a phantom
  2142 | D:4      | Reached XP level 6. HP: 40/47 MP: 6/6
  2256 | D:4      | Noticed Sigmund
  2296 | D:4      | Killed Sigmund
  2314 | D:4      | Noticed Menkaure
  2351 | D:4      | Killed Menkaure
  2422 | D:4      | Noticed Think's ghost (amateur GnSk)
  2441 | D:4      | Gained mutation: Your flesh is cold resistant. (rC+) [potion of mutation]
  2441 | D:4      | Gained mutation: Your muscles are strong. (Str +2) [potion of mutation]
  2441 | D:4      | Gained mutation: You do not regenerate when monsters are visible. [potion of mutation]
  2441 | D:4      | Gained mutation: You are agile. (Dex +2) [potion of mutation]
  2456 | D:4      | Killed Think's ghost
  2456 | D:4      | Reached XP level 7. HP: 12/52 MP: 7/7
  2459 | D:4      | HP: 2/52 [poisoned by Think's ghost]
  2460 | D:4      | Succumbed to Think's ghost's poison

Skill      XL: |  1  2  3  4  5  6 |
---------------+-------------------+-----
Stealth        | 4 |  4.7
Short Blades   | 2 3 |  3.3
Throwing       | 2 3 |  3.3
Dodging        | 1 |  1.6
Armour         | 1 2 |  2.2
Bows           | 1 3 |  3.1
Fighting       | 3 |  3.5

Action                   |  1- 3 |  4- 6 |  7- 9 || total
-------------------------+-------+-------+-------++-------
Melee: Dagger            |    40 |   141 |       ||   181
       Kick              |     9 |    36 |       ||    45
 Fire: Blowgun           |    18 |     6 |       ||    24
       Shortbow          |       |    51 |       ||    51
Throw: Tomahawk          |       |     8 |       ||     8
  Use: Potion            |     2 |     5 |       ||     7
       Scroll            |       |     6 |     3 ||     9
 Stab: Sleeping          |     1 |     1 |       ||     2
  Eat: Chunk             |       |     3 |     1 ||     4
Armor: Robe              |     3 |       |       ||     3
       Ring mail         |    14 |    14 |       ||    28
       Chain mail        |       |    53 |       ||    53
Dodge: Dodged            |    19 |    42 |       ||    61
